 Dungeon Crawl Stone Soup version 0.21.1-1-g345015f (webtiles) character file.

218428 xccam the Cruncher (level 19, -8/152 HPs)
             Began as a Gnoll Wanderer on Feb 19, 2018.
             Was the Champion of Ru.
             Killed by the raging water
             ... invoked by a water nymph
              (22 damage)
             ... on level 2 of the Shoals on Feb 20, 2018.
             The game lasted 03:13:37 (39892 turns).

xccam the Cruncher (Gnoll Wanderer)                Turns: 39892, Time: 03:13:38

Health: -8/152     AC: 31    Str: 23    XL:     19   Next: 11%
Magic:  32/34      EV: 20    Int:  9    God:    Ru [******]
Gold:   1121       SH: 14    Dex: 25    Spells: 39/41 levels left

rFire    . . .     SeeInvis +   u - +5 eveningstar
rCold    + + +     Gourm    +   A - +0 shield
rNeg     + . .     Faith    .   D - +3 plate armour of Koino {rC+ Str+2 Int-4}
rPois    +         Spirit   .   n - +2 hat
rElec    .         Reflect  .   C - +1 cloak
rCorr    .         Harm     .   o - +1 pair of gloves
MR       ++...     Rnd*Tele +   S - +2 pair of boots
Stlth    ++........             a - amulet "Nuati" {Gourm rF+ SInv Stlth+}
HPRegen  0.35/turn              Q - ring "Vuutasest" {Ice +Fly rPois MR+}
MPRegen  0.24/turn              V - ring of positive energy

@: agile, exhausted, very slightly contaminated, drained, invisible, very slow
A: distributed training, fangs 1, rugged brown scales 1, slimy green scales 1,
thin skeletal structure 1, cold resistance 1, screaming 3, teleportitis 1, no
potion heal 1, hated by all, no conjurations magic, no hexes magic, no poison
magic, MP-powered wands, unskilled 1, inexperienced 1, strong nose
}: 1/15 runes: serpentine
a: Draw Out Power, Power Leap, Apocalypse, Renounce Religion, Evoke Flight


You were on level 2 of the Shoals.
You worshipped Ru.
Ru was exalted by your worship.
You were very full.

You visited 6 branches of the dungeon, and saw 31 of its levels.
You visited the Abyss 1 time.
You also visited: Sewer and Volcano.

You collected 3099 gold pieces.
You spent 1978 gold pieces at shops.

Inventory:

Hand Weapons
 u - a +5 eveningstar (weapon)
 H - a +3 quarterstaff
 K - the +8 quarterstaff of a labyrinth {pain, rElec}
   (You found it on level 9 of the Dungeon)

   In the hands of one skilled in necromantic magic, it inflicts extra damage on
   living creatures.
   It insulates you from electricity.
 X - the +8 whip "Snakebite" {curare, rPois}
   (You found it on level 12 of the Dungeon)

   It poisons the flesh of those it strikes.
   It protects you from poison.
Missiles
 l - 90 tomahawks
 T - 2 javelins (quivered)
Armour
 d - the +4 chain mail of Distant Worlds {rCorr}
   (You found it on level 4 of the Dungeon)

   It protects you from acid and corrosion.
 n - a +2 hat (worn)
 o - a +1 pair of gloves (worn)
 A - a +0 shield (worn)
 B - the +1 hat of True Grit {*Corrode +Fly rF+}
   (You found it on level 3 of the Abyss)

   It protects you from fire.
   It lets you fly.
   It may corrode you when you take damage.
 C - a +1 cloak (worn)
 D - the +3 plate armour of Koino (worn) {rC+ Str+2 Int-4}
   (You bought it in a shop on level 2 of the Orcish Mines)

   It affects your strength (+2).
   It affects your intelligence (-4).
   It protects you from cold.
 G - a +3 plate armour
 L - a +3 plate armour of positive energy
 S - a +2 pair of boots (worn)
Jewellery
 a - the amulet "Nuati" (around neck) {Gourm rF+ SInv Stlth+}
   (You found it on level 2 of the Shoals)

   [amulet of the gourmand]

   It allows you to eat raw meat even when not hungry.
   It protects you from fire.
   It lets you see invisible.
   It makes you more stealthy.
 j - an uncursed ring of protection from cold
 r - an uncursed amulet of guardian spirit
 y - an uncursed ring of fire
 z - the amulet of the Air {Inacc +Fly rElec EV+5 RMsl}
   (You bought it in a shop on level 9 of the Dungeon)

   [amulet of inaccuracy]

   It reduces the accuracy of all your attacks.
   It affects your evasion (+5).
   It insulates you from electricity.
   It lets you fly.
   It protects you from missiles.
 Q - the ring "Vuutasest" (left hand) {Ice +Fly rPois MR+}
   (You found it on level 2 of the Shoals)

   [ring of ice]

   It enhances your ice magic.
   It makes you vulnerable to fire.
   It protects you from cold.
   It protects you from poison.
   It affects your resistance to hostile enchantments.
   It lets you fly.
 U - a +5 ring of protection
 V - a ring of positive energy (right hand)
Wands
 b - a wand of acid (6)
 g - a wand of disintegration (24)
 M - a wand of iceblast (22)
 Z - a wand of digging (14)
Scrolls
 h - 9 scrolls of teleportation
 i - a scroll of identify
 k - 9 scrolls of remove curse
 m - 5 scrolls of enchant armour
 x - 4 scrolls of blinking
 F - 3 scrolls of fog
 I - 3 scrolls of immolation
 J - 4 scrolls of fear
 O - 3 scrolls of amnesia
 P - 3 scrolls of enchant weapon
 Y - 3 scrolls of magic mapping
Potions
 c - 6 potions of curing
 e - 3 potions of might
 p - 3 potions of resistance
 q - 7 potions of lignification
 s - 3 potions of berserk rage
 t - 5 potions of brilliance
 v - a potion of agility
 w - a potion of mutation
 E - 3 potions of flight
 N - 3 potions of haste
Books
 W - a book of the Earth

   Spells                             Type                      Level
   a - Leda's Liquefaction            Hexes/Earth                  4
   b - Bolt of Magma                  Conjuration/Fire/Earth       5
   c - Statue Form                    Transmutation/Earth          6
   d - Iron Shot                      Conjuration/Earth            6
   e - Shatter                        Earth                        9
Comestibles
 f - 48 rations


   Skills:
 + Level 12.7(11.9) Fighting
 + Level 11.7(10.9) Short Blades
 + Level 11.5(10.7) Long Blades
 + Level 11.5(10.7) Axes
 + Level 11.5(10.7) Maces & Flails
 + Level 11.5(10.7) Polearms
 + Level 12.7(11.9) Staves
 + Level 11.5(10.7) Slings
 + Level 11.5(10.7) Bows
 + Level 11.5(10.7) Crossbows
 + Level 11.5(10.7) Throwing
 + Level 11.5(10.7) Armour
 + Level 11.7(10.9) Dodging
 + Level 11.7(10.9) Stealth
 + Level 11.5(10.7) Shields
 + Level 11.5(10.7) Unarmed Combat
 + Level 11.5(10.7) Spellcasting
   Level 0.0 Conjurations
   Level 0.0 Hexes
 + Level 9.8(9.1) Charms
 + Level 9.8(9.1) Summonings
 + Level 9.8(9.1) Necromancy
 + Level 9.8(9.1) Translocations
 + Level 9.8(9.1) Transmutations
 + Level 9.8(9.1) Fire Magic
 + Level 9.8(9.1) Ice Magic
 + Level 9.8(9.1) Air Magic
 + Level 9.8(9.1) Earth Magic
   Level 0.0 Poison Magic
 + Level 12.4(11.6) Invocations
 + Level 11.7(10.9) Evocations


You had 39 spell levels left.
You knew the following spells:

 Your Spells              Type           Power        Failure   Level  Hunger
a - Blink                 Tloc           N/A          10%         2    #......


Dungeon Overview and Level Annotations

Branches:
Dungeon (14/15)            Temple (0/1) D:7            Lair (6/6) D:9
 Shoals (3/4) Lair:3        Snake (4/4) Lair:4        Slime (2/5) Lair:5
    Orc (2/2) D:10            Elf (0/3) Orc:2        Vaults (0/5) D:14

Altars:
Elyvilon
Gozag
Kikubaaqudgha
Nemelex Xobeh
Okawaru
Ru
Trog
Uskayaw
Wu Jian
Xom
Yredelemnul
Jiyva

Shops:
D:4 *   D:6 ?   D:9 =   D:10 :   Orc:2 (*[}   Shoals:1 =   Snake:1 !:


Innate Abilities, Weirdness & Mutations

Your experience applies equally to all skills.
You have very sharp teeth.
Potions are less effective at restoring your health.
You are hated by all.
You cannot study or cast Conjurations magic.
You cannot study or cast Hexes magic.
You cannot study or cast Poison magic.
You are somewhat unskilled. (-1 Apt)
You are somewhat inexperienced. (-2 XL)
Your uncanny sense of smell can sniff out nearby items.
You are partially covered in rugged brown scales. (AC +1, +3% HP)
You are partially covered in slimy green scales. (AC +2)
You have a somewhat thin skeletal structure. (Dex +2, Stealth)
Your flesh is cold resistant. (rC+)
You frequently scream uncontrollably at your foes.
You are occasionally teleported next to monsters.
You expend magic power (3 MP) to strengthen your wands.


Message History

You feel agile all of a sudden.
A snapping turtle and a merfolk come into view.
The merfolk is wielding a trident of protection.
You're too exhausted to draw out your power.
Your surroundings suddenly seem different.
The merfolk throws a throwing net.
You block the throwing net.
The merfolk is stunned by your will and fails to attack.
Found a throwing net.
Found a stone staircase leading up.
You see here a throwing net.
There is a stone staircase leading up here.
You climb upwards.
A water nymph comes into view.
Splash!
You fall into the shallow water.
Moving in this stuff is going to be slow. ...and don't expect to remain undetected.
You hear a shout!
The water nymph casts a spell at you. The water swirls and strikes you!
You die...

≈≈≈≈≈≈≈≈≈≈≈≈..≈≈≈≈≈≈≈≈≈...≈
≈≈≈≈≈≈≈≈≈≈....≈≈≈≈≈≈≈≈≈≈≈≈.
≈≈≈≈≈≈≈≈≈≈≈.##....≈≈≈≈≈≈≈≈≈≈
≈≈≈≈≈≈≈≈≈≈≈≈≈..##..≈m≈≈≈..####
≈≈≈≈≈≈≈≈≈≈≈≈≈≈.....≈≈≈≈≈..##
≈≈≈≈≈≈≈≈≈≈≈≈[≈≈≈≈≈>.≈≈≈≈≈### ##
≈≈≈≈≈≈≈≈≈≈≈≈≈≈≈≈≈≈...###### #^
≈≈≈≈≈≈≈≈≈≈≈≈.≈≈≈≈≈...# ###..
≈≈≈≈≈≈≈≈≈≈≈≈≈≈≈≈@≈...# ######..##
≈≈≈≈≈≈≈≈≈≈≈≈≈≈≈≈≈≈≈..###.^.#..^..
≈≈≈≈≈≈≈≈≈≈≈≈≈.≈≈≈[...###..^#.....
≈≈≈≈≈≈≈≈......≈≈≈≈≈..###.^[+^^...
≈≈≈≈≈.........≈≈≈≈≈.©###©..#^^...
...≈≈.........≈≈≈≈≈≈.###.^:'^....
##.≈≈...###≈≈≈≈≈≈≈≈≈≈###.(^#.....
#......###...≈≈≈≈≈≈≈###.^)#)^...
##>...#.##.......≈≈≈≈# ######..##


You could see a water nymph.

Vanquished Creatures
  Bai Suzhen (Snake:2)
  Vashnia (Snake:3)
  Nikola (Snake:4)
  Rupert (D:14)
  3 acid blobs
  Polyphemus (Shoals:2)
  Roxanne (Snake:4)
  6 nagarajas
  An azure jelly (Slime:2)
  2 orc warlords
  Louise (Snake:3)
  A stone giant (Orc:2)
  Nessos (Lair:5)
  A dire elephant (Lair:6)
  A red draconian (Volcano)
  Josephine (D:13)
  An ettin (Abyss:3)
  A fire dragon (Lair:6)
  An ogre mage (Volcano)
  5 merfolk impalers
  2 great orbs of eyes
  Harold (Orc:1)
  3 hydras
  19 naga warriors
  3 catoblepae
  4 anacondas
  2 merfolk aquamancers (Shoals:2)
  3 centaur warriors (D:14)
  10 two-headed ogres
  2 death yaks (Shoals:2)
  2 hell hogs (Abyss:3)
  The ghost of quickben the Magician, a novice GnIE of Yredelemnul (D:9)
  4 orc high priests (Orc:2)
  A thrashing horror (Abyss:3)
  Urug (D:14)
  25 naga sharpshooters
  5 shock serpents
  Nergalle (D:12)
  A sun demon (Shoals:2)
  4 wretched stars (Abyss:3)
  3 sixfirhies
  A spatial maelstrom (Abyss:3)
  4 sea snakes
  3 salamander mystics
  4 unseen horrors
  A swamp dragon (Lair:6)
  A shadow demon (Abyss:3)
  2 glowing orange brains (Abyss:3)
  2 lindwurms (Lair:6)
  Pikel (D:8)
  5 naga ritualists
  8 harpies
  5 orc knights (Orc:2)
  6 mana vipers
  A wolf spider (Lair:6)
  4 shining eyes
  10 deep elf magi
  14 manticores
  6 orc sorcerers
  5 ugly things
  3 cyclopes
  5 salamanders
  A faun (Shoals:2)
  2 apocalypse crabs (Abyss:3)
  2 centaur zombies (D:14)
  33 black mambas
  22 naga magi
  4 guardian serpents
  10 elephants
  5 large abominations
  2 merfolk sirens
  2 molten gargoyles (Volcano)
  2 gargoyles
  10 spiny frogs
  2 water nymphs
  5 komodo dragons
  9 rime drakes
  A hellwing (Abyss:3)
  A queen bee (D:10)
  10 merfolk
  The ghost of inc the Skirmisher, a novice FeCj of Sif Muna (D:7)
  5 trolls
  A meliai (shapeshifter) (D:13)
  A hornet (D:11)
  3 wind drakes (Shoals:2)
  26 slime creatures
  3 raiju (Abyss:3)
  13 blink frogs
  11 hippogriffs
  A meliai zombie (D:14)
  5 dream sheep (Lair:5)
  4 snapping turtles
  6 wraiths
  4 starcursed masses (Abyss:3)
  5 water elementals
  2 vampires
  42 yaks
  5 steam dragons
  4 basilisks
  5 fire bats
  16 humans (D:14)
  3 golden eyes (Slime:1)
  2 hungry ghosts
  2 neqoxecs
  3 chaos spawn (Abyss:3)
  5 wargs
  76 nagas
  3 acid dragons
  A soldier ant (D:12)
  11 water moccasins
  32 orc warriors
  9 porcupines
  4 ice beasts
  3 eyes of draining (Slime:2)
  5 sky beasts
  3 phantoms
  4 black bears
  19 wolves
  A necrophage (D:9)
  6 centaurs
  14 ogres
  20 crocodiles
  6 big kobolds
  6 small abominations (Abyss:3)
  12 bullfrogs
  4 scorpions
  A wyvern zombie (D:13)
  A water moccasin skeleton (D:5)
  23 killer bees
  An electric eel (Orc:1)
  11 wights
  6 lava snakes
  8 crimson imps
  7 jellies
  A quasit (D:8)
  3 bullfrog zombies
  16 orc priests
  A bullfrog skeleton (D:7)
  4 hounds
  Crazy Yiuf (D:6)
  27 orc wizards
  Ijyb (D:4)
  3 centaur skeletons
  6 iguanas
  7 worker ants
  The ghost of wotfoxis the Chopper, a weakling HOCK of Xom (D:3)
  A hound zombie (D:3)
  A hound skeleton (D:6)
  15 adders
  8 gnolls (D:7)
  5 river rats (Sewer)
  7 shadow imps
  An ooze (Lair:5)
  3 worms
  9 leopard geckos
  96 orcs
  11 ball pythons
  5 bats
  3 giant cockroaches
  7 goblins
  8 hobgoblins
  4 jackals
  6 quokkas
  6 frilled lizards
  A jackal skeleton (D:5)
  31 kobolds
  2 leopard gecko skeletons
  A quokka skeleton (D:9)
  25 rats
  3 rat zombies (D:2)
  A fungus (Snake:1)
  8 plants
1157 creatures vanquished.

Vanquished Creatures (others)
  An Executioner (Abyss:3)
  2 hydras
  A hell hog (Abyss:3)
  A naga sharpshooter (Snake:2)
  A mana viper (Snake:1)
  A salamander (Snake:4)
  A manticore (D:12)
  2 naga magi
  A black mamba (Snake:2)
  A water nymph (Shoals:2)
  A water elemental (Shoals:2)
  A neqoxec (Abyss:3)
  A golden eye (Slime:1)
  2 nagas
  A warg (D:10)
  An ogre (Orc:2)
  A sky beast (D:8)
  A human (D:2)
  A wolf (Lair:6)
  A bullfrog (D:8)
  A quasit (D:8)
  An orc wizard (D:8)
  8 orcs (D:8)
  A jackal (D:8)
  4 fungi
  39 plants
77 creatures vanquished.

Grand Total: 1234 creatures vanquished

Notes
Turn   | Place    | Note
-------+----------+-------------------------------------------
     0 | D:1      | xccam the Gnoll Wanderer began the quest for the Orb.
     0 | D:1      | xccam set off with: a +2 quarterstaff, a +0 short sword, a potion of curing, a +0 robe, a ration
     0 | D:1      | Reached XP level 1. HP: 23/23 MP: 2/2
    88 | D:1      | Reached XP level 2. HP: 27/29 MP: 3/3
   612 | D:2      | Reached XP level 3. HP: 33/35 MP: 4/4
   642 | D:2      | Reached skill level 1 in Long Blades
   642 | D:2      | Reached skill level 1 in Axes
   642 | D:2      | Reached skill level 1 in Maces & Flails
   642 | D:2      | Reached skill level 1 in Polearms
   642 | D:2      | Reached skill level 1 in Slings
   642 | D:2      | Reached skill level 1 in Bows
   642 | D:2      | Reached skill level 1 in Crossbows
   642 | D:2      | Reached skill level 1 in Throwing
   642 | D:2      | Reached skill level 1 in Armour
   642 | D:2      | Reached skill level 1 in Shields
   642 | D:2      | Reached skill level 1 in Unarmed Combat
   642 | D:2      | Reached skill level 1 in Spellcasting
   642 | D:2      | Reached skill level 1 in Invocations
   824 | D:2      | Reached XP level 4. HP: 35/41 MP: 6/6
  1123 | D:2      | Found an ancient bone altar of Kikubaaqudgha.
  1123 | D:2      | Noticed a human
  1126 | D:2      | Killed a human
  1240 | D:2      | Found an ancient bone altar of Kikubaaqudgha.
  1272 | D:3      | Noticed wotfoxis's ghost (weakling HOCK)
  1278 | D:3      | Gained mutation: Your spells are a little harder to cast, but a little more powerful. [potion of mutation]
  1278 | D:3      | Gained mutation: Your flesh is cold resistant. (rC+) [potion of mutation]
  1278 | D:3      | Gained mutation: Your muscles are strong. (Str +2) [potion of mutation]
  1278 | D:3      | Gained mutation: You have a somewhat thin skeletal structure. (Dex +2, Stealth) [potion of mutation]
  1285 | D:3      | Killed wotfoxis's ghost
  1340 | D:3      | Reached skill level 1 in Conjurations
  1340 | D:3      | Reached skill level 1 in Hexes
  1340 | D:3      | Reached skill level 1 in Charms
  1340 | D:3      | Reached skill level 1 in Summonings
  1340 | D:3      | Reached skill level 1 in Necromancy
  1340 | D:3      | Reached skill level 1 in Translocations
  1340 | D:3      | Reached skill level 1 in Transmutations
  1340 | D:3      | Reached skill level 1 in Fire Magic
  1340 | D:3      | Reached skill level 1 in Ice Magic
  1340 | D:3      | Reached skill level 1 in Air Magic
  1340 | D:3      | Reached skill level 1 in Earth Magic
  1340 | D:3      | Reached skill level 1 in Poison Magic
  1366 | D:3      | Reached XP level 5. HP: 47/47 MP: 7/7
  1434 | D:3      | Found a hide-covered altar of Uskayaw.
  1910 | D:4      | Found an ornate altar of the Wu Jian Council.
  2014 | D:4      | Found an opulent altar of Gozag.
  2033 | D:4      | Reached XP level 6. HP: 49/53 MP: 8/8
  2096 | D:4      | Got a dazzling chain mail
  2098 | D:4      | Identified the +4 chain mail of Distant Worlds {rCorr} (You found it on level 4 of the Dungeon)
  2142 | D:4      | Found a glowing drain.
  2154 | Sewer    | Entered a sewer
  2479 | Sewer    | Reached XP level 7. HP: 42/59 MP: 10/10
  2693 | D:4      | Found an iron altar of Okawaru.
  2767 | D:4      | Found a sacrificial altar of Ru.
  2781 | D:4      | Became a worshipper of Ru the Awakened
  2801 | D:4      | Found Neatsiam's General Store.
  2933 | D:4      | Noticed Ijyb
  2938 | D:4      | Killed Ijyb
  3225 | D:5      | Entered Level 5 of the Dungeon
  3255 | D:5      | Reached XP level 8. HP: 58/67 MP: 12/12
  3964 | D:6      | Found a white marble altar of Elyvilon.
  4055 | D:6      | Gained mutation: You are somewhat unskilled. (-1 Apt) [Ru sacrifice]
  4055 | D:6      | Reached * piety under Ru
  4055 | D:6      | Reached ** piety under Ru
  4303 | D:6      | Found a bloodstained altar of Trog.
  4392 | D:6      | Reached XP level 9. HP: 19/71 MP: 3/14
  4644 | D:6      | Found Xute's Magic Scroll Shoppe.
  4652 | D:6      | Bought a scroll of teleportation for 33 gold pieces
  4652 | D:6      | Bought a scroll of blinking for 82 gold pieces
  4890 | D:6      | Found a runed door.
  4894 | D:6      | Noticed Crazy Yiuf
  4904 | D:6      | Killed Crazy Yiuf
  5172 | D:7      | Found a shimmering altar of Xom.
  5267 | D:7      | Noticed inc's ghost (novice FeCj)
  5304 | D:7      | Killed inc's ghost
  5390 | D:7      | Found a transporter.
  5585 | D:7      | Found a transporter.
  5897 | D:7      | Found a staircase to the Ecumenical Temple.
  6068 | D:8      | Found a basalt altar of Yredelemnul.
  6135 | D:8      | Noticed Pikel
  6145 | D:8      | Killed Pikel
  6145 | D:8      | Reached skill level 5 in Short Blades
  6145 | D:8      | Reached skill level 5 in Dodging
  6145 | D:8      | Reached skill level 5 in Stealth
  6145 | D:8      | Reached skill level 5 in Evocations
  6145 | D:8      | Reached XP level 10. HP: 64/79 MP: 16/16
  6387 | D:8      | Gained mutation: You are somewhat inexperienced. (-2 XL) [Ru sacrifice]
  6387 | D:8      | Reached XP level 9. HP: 72/72 MP: 14/15
  6387 | D:8      | Reached XP level 8. HP: 67/67 MP: 14/14
  6387 | D:8      | Reached *** piety under Ru
  6387 | D:8      | Reached **** piety under Ru
  6417 | D:8      | Found a sparkling altar of Nemelex Xobeh.
  6419 | D:8      | Reached skill level 5 in Invocations
  6439 | D:8      | Noticed a hippogriff
  6448 | D:8      | Killed a hippogriff
  6462 | D:8      | Noticed a two-headed ogre
  6466 | D:8      | Killed a two-headed ogre
  6466 | D:8      | Reached XP level 9. HP: 71/73 MP: 14/16
  6940 | D:9      | Found Epli's Jewellery Shop.
  6942 | D:9      | Noticed a two-headed ogre
  6954 | D:9      | Killed a two-headed ogre
  6954 | D:9      | Reached skill level 5 in Long Blades
  6954 | D:9      | Reached skill level 5 in Axes
  6954 | D:9      | Reached skill level 5 in Maces & Flails
  6954 | D:9      | Reached skill level 5 in Polearms
  6954 | D:9      | Reached skill level 5 in Slings
  6954 | D:9      | Reached skill level 5 in Bows
  6954 | D:9      | Reached skill level 5 in Crossbows
  6954 | D:9      | Reached skill level 5 in Throwing
  6954 | D:9      | Reached skill level 5 in Armour
  6954 | D:9      | Reached skill level 5 in Shields
  6954 | D:9      | Reached skill level 5 in Unarmed Combat
  6954 | D:9      | Reached skill level 5 in Spellcasting
  6998 | D:9      | Got a transparent quarterstaff
  6999 | D:9      | Identified the +8 quarterstaff of a labyrinth {pain, rElec} (You found it on level 9 of the Dungeon)
  7033 | D:9      | Reached XP level 10. HP: 71/80 MP: 15/17
  7155 | D:9      | Noticed a two-headed ogre
  7163 | D:9      | Killed a two-headed ogre
  7286 | D:9      | Found a staircase to the Lair.
  7474 | D:9      | Noticed quickben's ghost (novice GnIE)
  7491 | D:9      | Killed quickben's ghost
  7843 | D:9      | Reached XP level 11. HP: 79/87 MP: 19/19
  8124 | D:9      | Gained mutation: You cannot study or cast Poison magic. [Ru sacrifice]
  8124 | D:9      | Gained mutation: You cannot study or cast Hexes magic. [Ru sacrifice]
  8124 | D:9      | Gained mutation: You cannot study or cast Conjurations magic. [Ru sacrifice]
  8124 | D:9      | Reached ***** piety under Ru
  8310 | D:10     | Entered Level 10 of the Dungeon
  9052 | D:10     | Reached skill level 5 in Charms
  9052 | D:10     | Reached skill level 5 in Summonings
  9052 | D:10     | Reached skill level 5 in Necromancy
  9052 | D:10     | Reached skill level 5 in Translocations
  9052 | D:10     | Reached skill level 5 in Transmutations
  9052 | D:10     | Reached skill level 5 in Fire Magic
  9052 | D:10     | Reached skill level 5 in Ice Magic
  9052 | D:10     | Reached skill level 5 in Air Magic
  9052 | D:10     | Reached skill level 5 in Earth Magic
  9100 | D:10     | Found a staircase to the Orcish Mines.
  9149 | D:10     | Found Icaecy's Book Shop.
  9423 | D:11     | Noticed a two-headed ogre
  9425 | D:11     | Noticed a purple ugly thing
  9432 | D:11     | Killed a two-headed ogre
  9439 | D:11     | Killed a purple ugly thing
  9746 | D:11     | Noticed a five-headed hydra
  9750 | D:11     | Killed a five-headed hydra
  9827 | D:11     | You fall through a shaft for 3 floors!
  9884 | D:13     | Got a pitted hand axe
  9885 | D:13     | Identified the +8 hand axe of Tystuorph {flame, rN+ MR+ Int+2} (You found it on level 13 of the Dungeon)
  9925 | D:13     | Reached XP level 12. HP: 94/94 MP: 21/21
 10345 | D:11     | Noticed a two-headed ogre
 10350 | D:11     | Killed a two-headed ogre
 10419 | D:12     | Noticed Nergalle
 10433 | D:12     | Killed Nergalle
 11077 | D:12     | Found the +8 whip "Snakebite" {curare, rPois}
 12428 | D:13     | Noticed Josephine
 12442 | D:13     | Killed Josephine
 12579 | D:14     | Found a gate to the Vaults.
 12579 | D:14     | Noticed Rupert
 12579 | D:14     | Noticed a centaur warrior
 12579 | D:14     | Noticed Urug
 12579 | D:14     | Noticed a centaur warrior
 12580 | D:14     | Noticed a centaur warrior
 12580 | D:14     | Killed a centaur warrior
 12580 | D:14     | Reached XP level 13. HP: 101/101 MP: 23/23
 12584 | D:14     | Paralysed by Rupert for 3 turns
 12590 | D:14     | Killed Rupert
 12593 | D:14     | Killed Urug
 12672 | D:14     | Identified a scroll of acquirement
 12673 | D:14     | Got a warped shield
 12684 | D:14     | Identified the -9 shield "Jieghusi" {rF- Int+4} (You acquired it on level 14 of the Dungeon)
 13491 | Lair:1   | Entered Level 1 of the Lair of Beasts
 13979 | Lair:1   | Gained mutation: Potions are less effective at restoring your health. [Ru sacrifice]
 14300 | Lair:2   | Found a dark tunnel.
 14303 | Lair:2   | Reached skill level 10 in Fighting
 14303 | Lair:2   | Reached skill level 10 in Staves
 14309 | Volcano  | Entered a volcano
 14563 | Volcano  | Found a bloodstained altar of Trog.
 14563 | Volcano  | Noticed an ogre mage
 14580 | Volcano  | Killed an ogre mage
 14587 | Volcano  | Reached XP level 14. HP: 85/110 MP: 21/26
 14791 | Volcano  | Noticed a red draconian
 14806 | Volcano  | Killed a red draconian
 15225 | Lair:2   | Gained mutation: You are hated by all. [Ru sacrifice]
 15225 | Lair:2   | Reached ****** piety under Ru
 15696 | Lair:3   | Found a staircase to the Shoals.
 16596 | Lair:4   | Found a staircase to the Snake Pit.
 17456 | Lair:5   | Noticed Nessos
 17466 | Lair:5   | Killed Nessos
 17622 | Lair:5   | Found a runed door.
 17622 | Lair:5   | Found a viscous altar of Jiyva.
 17627 | Lair:5   | Found a staircase to the Slime Pits.
 18065 | Lair:6   | Entered Level 6 of the Lair of Beasts
 18428 | Lair:6   | Learned a level 2 spell: Blink
 18529 | Lair:6   | Noticed a dire elephant
 18549 | Lair:6   | Killed a dire elephant
 18549 | Lair:6   | Reached XP level 15. HP: 60/117 MP: 13/27
 19849 | Orc:1    | Entered Level 1 of the Orcish Mines
 20028 | Orc:1    | Noticed Harold
 20044 | Orc:1    | Killed Harold
 20065 | Orc:1    | Noticed an orc warlord
 20082 | Orc:1    | Killed an orc warlord
 20125 | Orc:1    | Reached skill level 10 in Invocations
 20884 | Orc:2    | Entered Level 2 of the Orcish Mines
 20945 | Orc:2    | Found a staircase to the Elven Halls.
 21197 | Orc:2    | Noticed an orc warlord
 21220 | Orc:2    | Killed an orc warlord
 21608 | Orc:2    | Found Ohui's Weapon Emporium.
 21608 | Orc:2    | Found Qenu's Gadget Shop.
 21626 | Orc:2    | Found Fagruot's Armour Shop.
 21626 | Orc:2    | Found Wiofih's General Store.
 21653 | Orc:2    | Bought the +3 plate armour of Koino {rC+ Str+2 Int-4} for 717 gold pieces
 22049 | Snake:1  | Entered Level 1 of the Snake Pit
 22269 | Snake:1  | Reached XP level 16. HP: 104/125 MP: 27/29
 22659 | Snake:1  | Reached skill level 10 in Short Blades
 22659 | Snake:1  | Reached skill level 10 in Dodging
 22659 | Snake:1  | Reached skill level 10 in Evocations
 23474 | D:9      | Bought the amulet of the Air {Inacc +Fly rElec EV+5 RMsl} for 618 gold pieces
 23474 | D:9      | Found the amulet of the Air {Inacc +Fly rElec EV+5 RMsl}
 23645 | Snake:1  | Reached skill level 10 in Stealth
 24333 | Snake:1  | Identified the Tome of Orientation and Companions
 24516 | Snake:1  | Found Qimots's Book Boutique.
 24521 | Snake:1  | Found Ibanecaa's Distillery.
 24529 | Snake:1  | Bought a potion of haste for 160 gold pieces
 24529 | Snake:1  | Bought a potion of heal wounds for 80 gold pieces
 24529 | Snake:1  | Bought a potion of heal wounds for 80 gold pieces
 24529 | Snake:1  | Bought a potion of heal wounds for 80 gold pieces
 25818 | Snake:2  | Noticed a nagaraja
 25842 | Snake:2  | Killed a nagaraja
 25842 | Snake:2  | Reached skill level 10 in Long Blades
 25842 | Snake:2  | Reached skill level 10 in Axes
 25842 | Snake:2  | Reached skill level 10 in Maces & Flails
 25842 | Snake:2  | Reached skill level 10 in Polearms
 25842 | Snake:2  | Reached skill level 10 in Slings
 25842 | Snake:2  | Reached skill level 10 in Bows
 25842 | Snake:2  | Reached skill level 10 in Crossbows
 25842 | Snake:2  | Reached skill level 10 in Throwing
 25842 | Snake:2  | Reached skill level 10 in Armour
 25842 | Snake:2  | Reached skill level 10 in Shields
 25842 | Snake:2  | Reached skill level 10 in Unarmed Combat
 25842 | Snake:2  | Reached skill level 10 in Spellcasting
 26538 | Snake:3  | Noticed Bai Suzhen
 26852 | Snake:2  | Killed Bai Suzhen
 27333 | Snake:3  | Noticed Louise
 27364 | Snake:3  | Killed Louise
 27757 | Snake:3  | Reached XP level 17. HP: 133/133 MP: 25/31
 28380 | Snake:4  | Entered Level 4 of the Snake Pit
 28380 | Snake:4  | Noticed Roxanne
 28635 | Snake:4  | Killed Roxanne
 29102 | Snake:4  | Noticed Vashnia
 29928 | Snake:3  | Killed Vashnia
 31089 | Snake:4  | Got a faintly glowing falchion {antimagic}
 31090 | Snake:4  | Identified the +6 falchion "Areoc Ycw" {antimagic, Int+3} (You took it off a naga on level 4 of the Snake Pit)
 31687 | Snake:4  | Noticed Nikola
 31707 | Snake:4  | Killed Nikola
 32323 | Snake:4  | Reached XP level 18. HP: 108/140 MP: 27/32
 32757 | Snake:4  | Got a serpentine rune of Zot
 33335 | Slime:1  | Entered Level 1 of the Pits of Slime
 33347 | Slime:1  | Gained mutation: Scrolls take you a little longer to read. [a shining eye]
 33350 | Slime:1  | Gained mutation: You occasionally shout uncontrollably at your foes. [a shining eye]
 33354 | Slime:1  | Gained mutation: You expend magic power (3 MP) to strengthen your wands. [a shining eye]
 33356 | Slime:1  | Gained mutation: You are frail. (-10% HP) [a shining eye]
 33358 | Slime:1  | Gained mutation: You are partially covered in rugged brown scales. (AC +1, +3% HP) [a shining eye]
 33365 | Slime:1  | Gained mutation: You are occasionally teleported next to monsters. [a shining eye]
 33483 | Snake:1  | Bought a potion of mutation for 128 gold pieces
 34801 | Slime:2  | Gained mutation: You are very frail. (-20% HP) [a shining eye]
 34804 | Slime:2  | Lost mutation: Scrolls take you a little longer to read. [potion of mutation]
 34804 | Slime:2  | Lost mutation: You are very frail. (-20% HP) [potion of mutation]
 34804 | Slime:2  | Lost mutation: You are frail. (-10% HP) [potion of mutation]
 34804 | Slime:2  | Lost mutation: Your muscles are strong. (Str +2) [potion of mutation]
 34804 | Slime:2  | Lost mutation: Your spells are a little harder to cast, but a little more powerful. [potion of mutation]
 34804 | Slime:2  | Gained mutation: You sometimes yell uncontrollably at your foes. [potion of mutation]
 34804 | Slime:2  | Gained mutation: You frequently scream uncontrollably at your foes. [potion of mutation]
 34804 | Slime:2  | Gained mutation: You are partially covered in slimy green scales. (AC +2) [potion of mutation]
 34875 | Slime:2  | Paralysed by a great orb of eyes for 2 turns
 35230 | Shoals:1 | Entered Level 1 of the Shoals
 35318 | Shoals:1 | Found Saanoare's Jewellery Boutique.
 35977 | Shoals:2 | Noticed Polyphemus
 36317 | Shoals:2 | Killed Polyphemus
 36661 | Shoals:2 | Found a transporter.
 37008 | Shoals:2 | Found a transporter.
 37064 | Shoals:2 | Cast into level 3 of the Abyss (the power of Zot)
 37070 | Abyss:3  | Got a dazzling hat
 37547 | Abyss:3  | Found a basalt altar of Yredelemnul.
 37829 | Abyss:3  | Paralysed by accursed screaming for 1 turns
 38535 | Abyss:3  | Identified the +1 hat of True Grit {*Corrode +Fly rF+} (You found it on level 3 of the Abyss)
 38595 | Shoals:2 | Escaped the Abyss
 38623 | Shoals:2 | Paralysed by the power of Zot for 3 turns
 38626 | Shoals:2 | Reached XP level 19. HP: 60/152 MP: 10/31
 39094 | Shoals:2 | Got a flickering ruby amulet
 39108 | Shoals:2 | Got a scorched jade ring
 39110 | Shoals:2 | Identified the ring "Vuutasest" {Ice +Fly rPois MR+} (You found it on level 2 of the Shoals)
 39112 | Shoals:2 | Identified the amulet "Nuati" {Gourm rF+ SInv Stlth+} (You found it on level 2 of the Shoals)
 39892 | Shoals:2 | Killed from afar by a water nymph

Skill      XL: |  1  2  3  4  5  6  7  8  9 10 11 12 13 14 15 16 17 18 |
---------------+-------------------------------------------------------+-----
Long Blades    | 1 2 3 5 6 7 8 9 10 11 | 11.5
Axes           | 1 2 3 5 6 7 8 9 10 11 | 11.5
Maces & Flails | 1 2 3 5 6 7 8 9 10 11 | 11.5
Polearms       | 1 2 3 5 6 7 8 9 10 11 | 11.5
Slings         | 1 2 3 5 6 7 8 9 10 11 | 11.5
Bows           | 1 2 3 5 6 7 8 9 10 11 | 11.5
Crossbows      | 1 2 3 5 6 7 8 9 10 11 | 11.5
Throwing       | 1 2 3 5 6 7 8 9 10 11 | 11.5
Armour         | 1 2 3 5 6 7 8 9 10 11 | 11.5
Shields        | 1 2 3 5 6 7 8 9 10 11 | 11.5
Unarmed Combat | 1 2 3 5 6 7 8 9 10 11 | 11.5
Spellcasting   | 1 2 3 5 6 7 8 9 10 11 | 11.5
Invocations    | 1 2 3 5 4 6 7 8 9 10 11 12 | 12.4
Conjurations   | 1 2 4 0 |  0.0
Hexes          | 1 2 4 0 |  0.0
Charms         | 1 2 4 5 6 7 8 9 |  9.8
Summonings     | 1 2 4 5 6 7 8 9 |  9.8
Necromancy     | 1 2 4 5 6 7 8 9 |  9.8
Translocations | 1 2 4 5 6 7 8 9 |  9.8
Transmutations | 1 2 4 5 6 7 8 9 |  9.8
Fire Magic     | 1 2 4 5 6 7 8 9 |  9.8
Ice Magic      | 1 2 4 5 6 7 8 9 |  9.8
Air Magic      | 1 2 4 5 6 7 8 9 |  9.8
Earth Magic    | 1 2 4 5 6 7 8 9 |  9.8
Poison Magic   | 1 2 4 0 |  0.0
Short Blades   | 3 4 5 6 7 8 9 10 11 | 11.7
Dodging        | 3 4 5 6 7 8 9 10 11 | 11.7
Evocations     | 3 4 5 6 7 8 9 10 11 | 11.7
Stealth        | 3 4 5 6 7 8 9 10 11 | 11.7
Fighting       | 7 6 7 8 9 10 11 12 | 12.7
Staves         | 7 6 7 8 9 10 11 12 | 12.7

Action                   |  1- 3 |  4- 6 |  7- 9 | 10-12 | 13-15 | 16-18 | 19-21 || total
-------------------------+-------+-------+-------+-------+-------+-------+-------++-------
Melee: Quarterstaff      |    47 |   217 |   407 |   452 |       |    37 |       ||  1160
       Bite              |     3 |    21 |    56 |    93 |   245 |   425 |    18 ||   861
       Whip              |       |       |       |   146 |  1211 |  1870 |    44 ||  3271
       Unarmed           |       |       |       |       |       |     1 |       ||     1
       Eveningstar       |       |       |       |       |       |   123 |    92 ||   215
Throw: Javelin           |       |       |    25 |    20 |    32 |    92 |     6 ||   175
       Tomahawk          |       |       |    13 |    18 |    18 |   218 |       ||   267
 Cast: Blink             |       |       |       |       |       |     2 |       ||     2
Invok: Sacrifice Experie |       |       |     1 |       |       |       |       ||     1
       Sacrifice Skill   |       |       |     1 |       |       |       |       ||     1
       Power Leap        |       |       |       |     5 |    34 |    52 |     6 ||    97
       Sacrifice Arcana  |       |       |       |     1 |       |       |       ||     1
       Reject Sacrifices |       |       |       |     1 |       |       |       ||     1
       Apocalypse        |       |       |       |     1 |     5 |     6 |       ||    12
       Sacrifice Purity  |       |       |       |       |     1 |       |       ||     1
       Sacrifice Love    |       |       |       |       |     1 |       |       ||     1
       Draw Out Power    |       |       |       |       |       |     8 |     1 ||     9
Evoke: Wand              |       |       |       |       |       |     6 |     1 ||     7
  Use: Potion            |       |     3 |     6 |     3 |     1 |    19 |     3 ||    35
       Scroll            |       |     5 |    15 |     5 |    12 |     9 |     2 ||    48
 Stab: Sleeping          |       |     4 |       |     1 |       |       |     1 ||     6
       Invisible         |       |       |     4 |     5 |     5 |    50 |     6 ||    70
       Distracted        |       |       |       |     7 |    12 |    12 |       ||    31
       Paralysed         |       |       |       |       |     9 |    20 |     1 ||    30
       Petrified         |       |       |       |       |     6 |     6 |       ||    12
       Petrifying        |       |       |       |       |     1 |       |       ||     1
  Eat: Chunk             |       |     5 |    14 |     6 |    24 |     6 |    13 ||    68
       Ration            |       |       |       |     4 |     3 |    13 |       ||    20
Armor: Robe              |     6 |       |       |       |       |       |       ||     6
       Scale mail        |       |    36 |       |       |       |       |       ||    36
       Chain mail        |       |    78 |   194 |   316 |   283 |   106 |       ||   977
       Plate armour      |       |       |       |       |     7 |   493 |   101 ||   601
Dodge: Dodged            |    27 |   133 |   195 |   282 |   348 |   598 |    87 ||  1670
       Deflected         |       |       |       |       |       |     6 |       ||     6
Block: Shield            |       |       |       |    59 |   498 |   864 |   108 ||  1529
